 Dungeon Crawl Stone Soup version 0.28.0 (webtiles) character file.

Game seed: 4868221502147328822

54 Ayyar the Slasher (level 3, -1/28 HPs)
             Began as a Demonspawn Gladiator on Apr 14, 2022.
             Slain by an orc (5 damage)
             ... on level 2 of the Dungeon.
             The game lasted 00:03:40 (1100 turns).

Ayyar the Slasher (Demonspawn Gladiator)            Turns: 1100, Time: 00:03:41

Health: -1/28      AC:  7    Str: 16    XL:     3   Next: 66%
Magic:  3/3        EV: 11    Int:  9    God:
Gold:   45         SH:  0    Dex: 14    Spells: 2/2 levels left

rFire   . . .      SeeInvis .   a - +0 long sword
rCold   . . .      Faith    .   (no shield)
rNeg    . . .      Spirit   .   j - +0 ring mail
rPois   .          Reflect  .   c - +0 helmet
rElec   .          Harm     .   (no cloak)
rCorr   .          Rampage  .   (no gloves)
Will    .....                   (no boots)
Stlth   +.........              (no amulet)
HPRegen 0.09/turn               (no ring)
MPRegen 0.08/turn               (no ring)

@: no status effects
A: rugged brown scales 1
a: no special abilities


You were on level 2 of the Dungeon.
You visited 1 branch of the dungeon, and saw 2 of its levels.

You collected 45 gold pieces.

Inventory:

Hand Weapons
 a - a +0 long sword (weapon)
Missiles
 d - 4 throwing nets (quivered)
Armour
 b - a +0 leather armour
 c - a +0 helmet (worn)
 h - a +0 helmet of intelligence
 j - a +0 ring mail (worn)
Scrolls
 e - a scroll of holy word {unknown}
 k - a scroll of fear {unknown}
Potions
 f - a potion of degeneration {unknown}
 g - a potion of attraction {unknown}
 i - a potion of cancellation {unknown}
 l - a potion of lignification {unknown}


   Skills:
 + Level 2.6 Fighting
 + Level 3.2 Long Blades
 + Level 2.3 Throwing
 + Level 3.1 Dodging


You had 2 spell levels left.
You didn't know any spells.
Your spell library was empty.

Dungeon Overview and Level Annotations

Branches:
Dungeon (2/15)

Altars:


Innate Abilities, Weirdness & Mutations

You are partially covered in rugged brown scales. (AC +1, +3% HP)


Message History

You hit the endoplasm.
The endoplasm is heavily wounded.
A jackal comes into view.
The endoplasm freezes you.
You are frozen.
* * * LOW HITPOINT WARNING * * *
The kobold closely misses you.
The jackal moves out of view.
You hit the endoplasm.
You kill the endoplasm!
The orc hits you but does no damage. The kobold hits you but does no damage.
You slash the rat!
You kill the rat!
The orc hits you but does no damage. The kobold hits you but does no damage.
The orc hits you but does no damage.
You closely miss the orc. You punch the orc.
The orc is lightly wounded.
The kobold hits you but does no damage. The orc closely misses you.
The kobold hits you but does no damage.
Things that are here:
a +0 club; a +0 chain mail You hit the orc.
You kill the orc!
You barely miss the kobold. The kobold hits you but does no damage.
You slash the kobold!
You kill the kobold!
The hobgoblin hits you but does no damage.
You barely miss the hobgoblin. The hobgoblin hits you.
* * * LOW HITPOINT WARNING * * *
You hit the hobgoblin but do no damage.
The hobgoblin hits you but does no damage.
You barely miss the hobgoblin. The hobgoblin completely misses you.
You closely miss the hobgoblin. The hobgoblin hits you.
* * * LOW HITPOINT WARNING * * *
The hobgoblin hits you but does no damage.
You slash the hobgoblin!
You kill the hobgoblin!
You hit the orc.
The orc is heavily wounded.
The orc hits you with a +0 mace.
You die...

#...........
#.<.†.....#.
#.........#
####..##....
##.## ...# ##..#
.... #.).# ..#.#
#o#.##.##.
#@#.......
##.........
#####..........
.......)†.......
.....$...†......
................
................
##########......
......


You could see an orc.

Vanquished Creatures
  3 dart slugs (D:1)
  3 orcs (D:2)
  4 endoplasms
  A giant cockroach (D:2)
  4 goblins
  2 hobgoblins
  3 jackals (D:2)
  4 kobolds
  3 quokkas (D:1)
  4 ball pythons
  4 bats (D:1)
  5 frilled lizards (D:1)
  3 rats
43 creatures vanquished.

Vanquished Creatures (others)
  4 toadstools (D:1)
4 creatures vanquished.

Grand Total: 47 creatures vanquished

Notes
Turn   | Place    | Note
-------+----------+-------------------------------------------
     0 | D:1      | Ayyar the Demonspawn Gladiator began the quest for the Orb.
     0 | D:1      | Reached XP level 1. HP: 16/16 MP: 1/1
   295 | D:1      | Gained mutation: You are partially covered in rugged brown
                  | scales. (AC +1, +3% HP) [demonic ancestry]
   295 | D:1      | Reached XP level 2. HP: 16/22 MP: 2/2
   724 | D:1      | Reached XP level 3. HP: 28/28 MP: 3/3
  1100 | D:2      | Slain by an orc

Illustrated notes

Levels and vault maps discovered:
D:1:      ldierk_walled_garden_2, layout_basic, grunt_decor_arrowhead,
          st_stairs_10
D:2:      layout_rooms, basic_altar

Skill      XL: |  1  2 |
---------------+-------+-----
Throwing       | 2 |  2.3
Long Blades    | 3 |  3.2
Dodging        | 3 |  3.1
Fighting       | |  2.6

Action                   || total
-------------------------++-------
Melee: Long sword        ||   125
       Punch             ||     2
Armor: Leather armour    ||    17
       Ring mail         ||    46
Dodge: Dodged            ||   103
